 Dungeon Crawl Stone Soup version 0.29-a0-82-g837932c90e (webtiles) character file.

Game seed: 11643054774350339035

77 lordive the Magician (level 4, 0/33 HPs)
             Began as a Djinni Warper on Feb 5, 2022.
             Shot with an arrow by a centaur (14 damage)
             ... on level 4 of the Dungeon.
             The game lasted 00:02:43 (3408 turns).

lordive the Magician (Djinni Warper)                Turns: 3408, Time: 00:02:44

Health: 0/33       AC:  4    Str: 10    XL:     4   Next: 58%
Gold:   119        EV: 12    Int: 16    God:
                   SH:  5    Dex: 13

rFire   + + .      SeeInvis .   a - +0 falchion
rCold   x . .      Faith    .   (no shield)
rNeg    . . .      Spirit   .   b - +0 leather armour
rPois   ∞          Reflect  +   (no helmet)
rElec   .          Harm     .   (no cloak)
rCorr   .          Rampage  .   l - +0 pair of gloves
Will    .....                   (boots unavailable)
Stlth   +.........              n - amulet of reflection
HPRegen 0.11/turn               (no ring)
MPRegen 0.00/turn               (no ring)

@: flying
A: sickness immunity, fire resistance 2, cold vulnerability 1, float, innate
caster, HP casting, extra vitality 1
a: no special abilities


You were on level 4 of the Dungeon.
You visited 1 branch of the dungeon, and saw 4 of its levels.

You collected 119 gold pieces.

Inventory:

Hand Weapons
 a - a +0 falchion (weapon)
Missiles
 d - 5 boomerangs of dispersal
 h - 6 boomerangs
Armour
 b - a +0 leather armour (worn)
 l - a +0 pair of gloves (worn)
Jewellery
 n - an amulet of reflection (around neck)
Scrolls
 c - a scroll of blinking
 f - 8 scrolls of identify {unknown}
 i - 2 scrolls of immolation {unknown}
 j - a scroll of fear {unknown}
 k - a scroll of teleportation {unknown}
Potions
 e - a potion of heal wounds {unknown}
 g - a potion of curing {unknown}
 m - a potion of might {unknown}


   Skills:
 + Level 2.2 Fighting
 + Level 2.3 Long Blades
 - Level 0.7 Throwing
 + Level 1.6 Armour
 + Level 2.5 Dodging
 + Level 0.4 Stealth
 * Level 3.1 Spellcasting


You couldn't memorise any spells.
You knew the following spells:

 Your Spells              Type           Power      Damage    Failure   Level
a - Blink                 Tloc           24%        N/A       10%         2
b - Lesser Beckoning      Tloc           12%        N/A       21%         3
c - Gell's Gravitas       Tloc           12%        N/A       21%         3
d - Teleport Other        Tloc           12%        N/A       21%         3
e - Manifold Assault      Tloc           12%        N/A       88%         5
f - Foxfire               Conj/Fire      48%        2x1d6     7%          1
Your spell library was empty.

Dungeon Overview and Level Annotations

Branches:
Dungeon (4/15)
 Temple: D:4-7

Altars:


Innate Abilities, Weirdness & Mutations

You are immune to sickness and miasma.
You are immune to poison.
Your flesh is very heat resistant. (rF++)
You are vulnerable to cold. (rC-)
You float through the air rather than walking.
You learn spells naturally, not from books.
Your magical power is your life essence.
You have superior vitality. (+4 MHP)


Message History

You conjure some foxfire!
The foxfire hits the hobgoblin.
The hobgoblin is almost dead.
The foxfire hits the hobgoblin.
You kill the hobgoblin!
You conjure some foxfire!
You conjure some foxfire!
Your foxfire dissipates! x3
Your foxfire dissipates! x2
Your foxfire dissipates!
Your foxfire dissipates!
HP restored.
A centaur and an adder skeleton come into view.
The centaur shouts!
There are monsters nearby!
There are monsters nearby!
There are monsters nearby!
You conjure some foxfire!
Your foxfire dissipates!
The centaur wields a +3 shortbow.
The centaur shoots an arrow.
The arrow hits you!
The centaur shoots an arrow.
You reflect the arrow off an invisible shield around you!
The arrow barely misses the centaur.
You hear a shout!
The centaur shoots an arrow.
You reflect the arrow off an invisible shield around you!
The arrow hits the centaur!
Unknown command.
You conjure some foxfire!
The centaur shoots an arrow.
The arrow hits you.
The centaur shoots an arrow.
The arrow barely misses you.
The foxfire hits the centaur.
The centaur is heavily wounded.
You are too injured to fight recklessly!
Unknown command.
You are too injured to fight recklessly!
Casting: Foxfire (safe; 7% risk of failure)
Confirm with . or Enter, or press ? or * to list all spells.
You conjure some foxfire!
The foxfire hits the centaur.
The centaur is severely wounded.
The centaur shoots an arrow.
The arrow hits you!
You die...

.......# #.. .......#. ###..
#........ .... ##........ ...
#.[....... #.c ###...†.....
.####§. #######...........
.......######§v......#....(...
........Zc§§§@v.####..........
#......########## #..........
####### #..........
#.......... #.......###
#.......# #.......# #########


You could see a centaur (ally target) and an adder skeleton.

Vanquished Creatures
  A lemure (D:3)
  4 adders (D:2)
  A worm (D:2)
  3 dart slugs
  3 ball pythons
  A bat (D:1)
  2 endoplasms
  A giant cockroach (D:1)
  3 goblins (D:2)
  4 hobgoblins
  2 kobolds (D:2)
  3 quokkas (D:1)
  A frilled lizard (D:1)
  3 rats
32 creatures vanquished.

Vanquished Creatures (others)
  136 foxfires
136 creatures vanquished.

Grand Total: 168 creatures vanquished

Notes
Turn   | Place    | Note
-------+----------+-------------------------------------------
     0 | D:1      | lordive the Djinni Warper began the quest for the Orb.
     0 | D:1      | Reached XP level 1. HP: 18/18 MP: 0/0
   288 | D:1      | Reached XP level 2. HP: 23/23 MP: 0/0
  1229 | D:1      | Reached XP level 3. HP: 28/28 MP: 0/0
  1229 | D:1      | Learned a level 1 spell: Foxfire
  1844 | D:2      | Reached skill level 3 in Spellcasting
  2040 | D:2      | Reached XP level 4. HP: 28/33 MP: 0/0
  2615 | D:2      | Found a faded altar of an unknown god.
  3103 | D:4      | Noticed a lemure
  3130 | D:3      | Killed a lemure
  3398 | D:4      | Noticed a centaur
  3408 | D:4      | Shot with an arrow by a centaur

Illustrated notes

Levels and vault maps discovered:
D:1:      dpeg_chamrin_arrival_tetris, layout_basic, nicolae_figureground_pulse
D:2:      layout_loops_ring, ebering_ecumenical_altar_mist, skrybe_limestone_x
D:3:      layout_basic
D:4:      layout_rooms, marbit_many_paths, kennysheep_mini_moat,
          mrwooster_statue_mirror, hangedman_decor_growths,
          nicolae_take_the_stairs, uniq_menkaure, uniq_duvessa, uniq_pikel

Skill      XL: |  1  2  3 |
---------------+----------+-----
Long Blades    | 2 |  2.3
Spellcasting   | 3 |  3.1
Fighting       | |  2.2
Throwing       | |  0.7
Armour         | |  1.6
Dodging        | |  2.5
Stealth        | |  0.4

Action                   |  1- 3 |  4- 6 || total
-------------------------+-------+-------++-------
Melee: Falchion          |    58 |       ||    58
       Punch             |     1 |       ||     1
 Cast: Foxfire           |    37 |    53 ||    90
 Stab: Sleeping          |     1 |       ||     1
Armor: Leather armour    |    14 |       ||    14
Dodge: Dodged            |    42 |     6 ||    48
Block: Other             |       |     4 ||     4
       Reflection        |       |     2 ||     2

Table legend: (Time is in decaauts)
 A = Elapsed time spent in this place.
 B = Non-inter-level travel time spent in this place.
 C = Inter-level travel time spent in this place.
 D = Time resting spent in this place.
 E = Time spent auto-exploring this place.
 F = Levels seen in this place.
 G = Mean time per level.
                   A        B        C        D        E       F      G
               +--------+--------+--------+--------+--------+-----+--------+
         Total |   3420 |   3366 |     54 |    168 |   2903 |   4 |  855.0 |
       Dungeon |   3420 |   3366 |     54 |    168 |   2903 |   4 |  855.0 |
               +--------+--------+--------+--------+--------+-----+--------+

Top non-repeatable levels by time:
     D:1: 1408 daAuts
     D:2: 1306 daAuts
     D:3: 592 daAuts
     D:4: 113 daAuts
